 Dungeon Crawl Stone Soup version 0.27.0-1-g7a089689b8 (webtiles) character file.

Game seed: 15493910317591725618

365 Delamore the Sneak (level 6, -1/43 HPs)
             Began as an Octopode Brigand on Aug 6, 2021.
             Slain by an orc wizard (2 damage)
             ... on level 4 of the Dungeon.
             The game lasted 00:03:18 (3099 turns).

Delamore the Sneak (Octopode Brigand)               Turns: 3099, Time: 00:03:19

Health: -1/43      AC:  1    Str: 10    XL:     6   Next: 68%
Magic:  6/6        EV: 11    Int: 14    God:
Gold:   78         SH:  0    Dex: 15    Spells: 5/5 levels left

rFire    . . .     SeeInvis .   (no weapon)
rCold    . . .     Faith    .   (no shield)
rNeg     . . .     Spirit   .   (helmet restricted)
rPois    .         Reflect  .   (no amulet)
rElec    .         Harm     .   (no ring)
rCorr    .         Rampage  .   (no ring)
Will     .....                  (no ring)
Stlth    ++++......             (no ring)
HPRegen  0.14/turn              (no ring)
MPRegen  0.10/turn              (no ring)
                                (no ring)
                                (no ring)

@: about to teleport, constricted
A: almost no armour, amphibious, 8 rings, camouflage 1, gelatinous body 1,
(nimble swimmer 1), tentacles
a: no special abilities


You were on level 4 of the Dungeon.
You visited 1 branch of the dungeon, and saw 4 of its levels.

You collected 78 gold pieces.

Inventory:

Hand Weapons
 a - a +2 dagger
Missiles
 b - 8 poisoned darts (quivered)
 g - 3 boomerangs
Scrolls
 f - a scroll of vulnerability
 h - a scroll of teleportation
Potions
 i - a potion of mutation {unknown}
 j - a potion of might {unknown}
 k - a potion of flight {unknown}
 l - a potion of cancellation {unknown}
 m - a potion of lignification {unknown}


   Skills:
 + Level 3.7 Fighting
 * Level 5.0 Short Blades
 - Level 2.0 Throwing
 + Level 3.2 Dodging
 - Level 5.3 Stealth


You had 5 spell levels left.
You didn't know any spells.
Your spell library contained the following spells:

 Spells                   Type           Power      Damage    Failure   Level
 Corona                   Hex            0%         N/A       28%         1
 Ensorcelled Hibernation  Hex/Ice        0%         N/A       41%         2
 Tukima's Dance           Hex            0%         N/A       65%         3


Dungeon Overview and Level Annotations

Branches:
Dungeon (4/15)
 Temple: D:4-7

Altars:

Portals:
Sewer: D:4


Innate Abilities, Weirdness & Mutations

You cannot wear most types of armour.
You are amphibious.
You can wear up to eight rings at the same time.
Your skin changes colour to match your surroundings (Stealth+).
Your rubbery body absorbs attacks. (AC +1, EV +1)
((You are camouflaged near water. (Stealth+)))
You have tentacles for arms and can constrict up to eight enemies at once.


Message History

As you read the scroll labelled RUOFUR CECVEZE, it crumbles to dust.
It is a scroll of identify.
d - 2 potions of curing The ball python bites you but does no damage.
* * * LOW HITPOINT WARNING * * *
The ball python constricts you. The ball python barely misses you.
The ball python misses you.
The endoplasm splashes around in the water.
The ball python closely misses you.
* * * LOW HITPOINT WARNING * * *
The ball python constricts you.
Okay, then.
Okay, then.
You feel better. The ball python barely misses you. The ball python bites you.
* * * LOW HITPOINT WARNING * * *
The ball python bites you.
* * * LOW HITPOINT WARNING * * *
x2 The ball python constricts you.
The endoplasm hits you.
* * * LOW HITPOINT WARNING * * *
The ball python bites you.
* * * LOW HITPOINT WARNING * * *
As you read the scroll of teleportation, it crumbles to dust.
You feel strangely unstable. The ball python closely misses you.
The quokka splashes around in the water.
The ball python bites you but does no damage.
* * * LOW HITPOINT WARNING * * *
The ball python constricts you. The ball python misses you.
The orc wizard splashes around in the water.
The endoplasm hits you.
* * * LOW HITPOINT WARNING * * *
You feel better. The ball python bites you.
* * * LOW HITPOINT WARNING * * *
The quokka bites you.
* * * LOW HITPOINT WARNING * * *
The ball python bites you.
* * * LOW HITPOINT WARNING * * *
x2 The ball python constricts you.
The ball python bites you.
* * * LOW HITPOINT WARNING * * *
The orc wizard hits you with a +0 dagger.
You die...

#.........#
#......[..#######
##.........#.....####
.........$.J........##
####...##.....#≈..#..##
##..####....≈≈≈≈≈...#
###...####..#≈≈≈≈≈≈≈#.#
..#.#..##...≈≈gJSr≈≈≈.##
#...##.......≈JS@w≈≈...#
###......##..≈≈So≈≈≈....
.....S......#≈≈≈≈≈≈≈#.##
..............≈≈≈≈≈....
.##.#........g#...#..(..
.......#..##.....o....##
..<........#..(..o....#
..##.S#................
#.#...####.


You could see a worm, an orc priest (wandering), an orc wizard, an orc (asleep),
3 endoplasms, a quokka, 2 hobgoblins and 3 ball pythons.

Vanquished Creatures
  Eustachio (D:4)
  An ogre (D:3)
  A scorpion (D:4)
  An adder (D:3)
  A worm (D:3)
  4 dart slugs
  2 orcs
  5 endoplasms
  5 giant cockroaches
  2 goblins (D:3)
  8 hobgoblins
  5 jackals (D:1)
  3 quokkas
  7 ball pythons
  6 bats
  5 frilled lizards
  3 kobolds
  4 rats
64 creatures vanquished.

Notes
Turn   | Place    | Note
-------+----------+-------------------------------------------
     0 | D:1      | Delamore the Octopode Brigand began the quest for the Orb.
     0 | D:1      | Reached XP level 1. HP: 14/14 MP: 1/1
   147 | D:1      | Reached XP level 2. HP: 19/19 MP: 2/2
   410 | D:1      | Reached XP level 3. HP: 24/25 MP: 3/3
   999 | D:2      | Found a faded altar of an unknown god.
  1980 | D:3      | Reached XP level 4. HP: 29/30 MP: 4/4
  2871 | D:4      | Noticed Eustachio
  2871 | D:4      | Noticed a scorpion
  2875 | D:4      | Killed Eustachio
  2876 | D:4      | Reached XP level 5. HP: 36/36 MP: 5/5
  2876 | D:4      | Reached XP level 6. HP: 42/42 MP: 6/6
  2895 | D:4      | HP: 1/42 [ogre (26)]
  2974 | D:3      | Reached skill level 5 in Short Blades
  3086 | D:4      | Found a glowing drain.
  3099 | D:4      | HP: 1/43 [ball python (3)]
  3099 | D:4      | Slain by an orc wizard

Illustrated notes

Levels and vault maps discovered:
D:1:      scummos_arrival_hexagon, layout_basic
D:2:      layout_basic, ebering_ecumenical_altar_rust, minmay_crystal_water,
          hangedman_decor_slide_cut, minmay_door_square
D:3:      layout_basic, kennysheep_path_1, minmay_misc_feat_chi,
          grunt_ministairs_5, st_stairs_2
D:4:      layout_rooms, grunt_gozag_statues, cheibrodos_sewer_entry_drain,
          guppyfry_early_orc_mine, uniq_eustachio

Skill      XL: |  1  2  3  4  5  6 |
---------------+-------------------+-----
Short Blades   | 3 4 5 |  5.0
Dodging        | 2 3 |  3.2
Fighting       | 3 |  3.7
Throwing       | |  2.0
Stealth        | |  5.3

Action                   |  1- 3 |  4- 6 || total
-------------------------+-------+-------++-------
Melee: Dagger            |    84 |    37 ||   121
       Tentacles         |    15 |     4 ||    19
       Constrict         |    16 |     6 ||    22
Throw: Dart              |       |     2 ||     2
  Use: Scroll            |     2 |     2 ||     4
       Potion            |       |     2 ||     2
 Stab: Sleeping          |    16 |    10 ||    26
Armor: Skin              |     8 |     7 ||    15
Dodge: Dodged            |    37 |    35 ||    72
